 Dungeon Crawl Stone Soup version 0.19.1-1-g22dce08 (webtiles) character file.

65478 Goblin1989 the Thaumaturge (level 14, -4/144 HPs)
             Began as a Demonspawn Fire Elementalist on Jan 1, 2017.
             Was an Initiate of Gozag.
             Slain by Xerox's ghost (10 damage)
             ... on level 1 of the Orcish Mines on Jan 2, 2017.
             The game lasted 04:13:21 (42879 turns).

Goblin1989 the Thaumaturge (DsFE)                  Turns: 42879, Time: 04:13:22

Health: -4/144     AC: 10    Str: 15    XL:     14   Next: 75%
Magic:  0/32       EV: 23    Int: 26    God:    Gozag
Gold:   948        SH:  0    Dex: 18    Spells: 12 memorised, 10 levels left

rFire  . . .     SeeInvis .     O - +1 triple sword (vamp)
rCold  . . .     Gourm    .     U - +1 robe of Catatonia {Int+5}
rNeg   . . .     Faith    .     (shield currently unavailable)
rPois  +         Spirit   +     A - +2 hat {MR+}
rElec  .         Reflect  .     v - +0 cloak
rCorr  .         Harm     .     K - +0 pair of gloves
MR     ++...                    F - +2 pair of boots
Stlth  ..........               (no amulet)
                                o - ring of poison resistance
                                G - ring of wizardry {=R}

@: mighty, agile, berserking (expiring), lethally poisoned (-4 -> -10), very
slightly contaminated, very quick
A: horns 2, repulsion field 2, powered by death 2, magic shield
a: Potion Petition, Call Merchant, Bribe Branch, Renounce Religion


You were on level 1 of the Orcish Mines.
You worshipped Gozag.
Gozag was pleased with you.
You were not hungry.

You visited 6 branches of the dungeon, and saw 25 of its levels.

You collected 6415 gold pieces.
You spent 1884 gold pieces at shops.
You paid 3583 gold pieces to Gozag.

Inventory:

Hand Weapons
 w - a +0 blowgun {@w1}
 O - a +1 vampiric triple sword (weapon)
Missiles
 e - 108 poisoned needles
 f - 7 needles of paralysis
 m - 632 stones (quivered)
 n - 205 bolts
 y - 7 needles of sleeping
 C - 129 sling bullets
 D - 574 arrows
 Z - 2 throwing nets {=f, !d}
Armour
 v - a +0 cloak (worn)
 A - a +2 hat of magic resistance (worn)
 F - a +2 pair of boots (worn)
 K - a +0 pair of gloves (worn)
 U - the +1 robe of Catatonia (worn) {Int+5}
   (You bought it in a shop on level 2 of the Lair of Beasts)

   It affects your intelligence (+5).
Magical Staves
 b - an uncursed staff of wizardry {!a}
Jewellery
 o - a ring of poison resistance (right hand)
 q - a +2 ring of evasion
 s - an uncursed ring of positive energy
 G - a ring of wizardry (left hand) {=R}
Wands
 g - a wand of iceblast (5/15)
 h - a wand of heal wounds (3/9) {!v, @v2}
 L - a wand of lightning (0/15)
 S - a wand of digging (15/24)
 X - a wand of disintegration (6/24)
Scrolls
 a - 2 scrolls of fog
 k - 4 scrolls of remove curse {@r2}
 r - 2 scrolls of enchant armour
 u - a scroll of noise {!r}
 B - 4 scrolls of blinking
 H - 3 scrolls of recharging
 I - 2 scrolls of amnesia
 M - a scroll of magic mapping
 Q - 2 scrolls of fear
 R - 5 scrolls of identify {@r1}
 T - a scroll of teleportation {!r, @r4}
 Y - 4 scrolls of immolation {!r}
Potions
 d - 6 potions of lignification {!q}
 i - 2 potions of flight
 l - 4 potions of heal wounds {!q, @q2}
 p - 10 potions of curing {@q1}
 x - 2 potions of ambrosia
 N - 3 potions of might
 W - a potion of magic
Miscellaneous
 t - a fan of gales
 V - a phial of floods
Comestibles
 j - 8 meat rations {@e2}
 E - 4 beef jerkies
 J - 3 bread rations {@e1}


   Skills:
 + Level 4.6 Fighting
 - Level 5.0 Dodging
 - Level 1.7 Stealth
   Level 4.0 Shields
 * Level 14.4 Spellcasting
 + Level 13.6 Conjurations
 + Level 12.6 Fire Magic


You had 10 spell levels left.
You knew the following spells:

 Your Spells              Type           Power        Failure   Level  Hunger
a - Flame Tongue          Conj/Fire      #####        0%          1    None
b - Sticky Flame          Conj/Fire      ######..     1%          4    None
c - Inner Flame           Hex/Fire       ######..     1%          3    None
d - Fireball              Conj/Fire      ######....   1%          5    ##.....
e - Swiftness             Chrm/Air       ###.....     1%          2    None
f - Animate Skeleton      Necr           N/A          1%          1    None
g - Lesser Beckoning      Tloc           ###.......   4%          3    None
h - Shroud of Golubria    Chrm/Tloc      ###.......   1%          2    None
j - Conjure Flame         Conj/Fire      ######..     1%          3    None
o - Apportation           Tloc           ###.......   1%          1    None
R - Regeneration          Chrm/Necr      ###.......   4%          3    None
W - Spectral Weapon       Hex/Chrm       ###.....     4%          3    None


Dungeon Overview and Level Annotations

Branches:
Dungeon (14/15)            Temple (1/1) D:5            Lair (6/6) D:10
 Shoals (1/4) Lair:2       Spider (1/4) Lair:2        Slime (0/5) Lair:5
    Orc (2/2) D:11
    Elf: Orc:2       Vaults: D:13-14

Altars:
Ashenzari
Cheibriados
Dithmenos
Elyvilon
Fedhas
Gozag
Hepliaklqana
Kikubaaqudgha
Makhleb
Nemelex Xobeh
Okawaru
Qazlal
Ru
Sif Muna
Trog
Uskayaw
Vehumet
Xom
Yredelemnul
Zin
The Shining One
Beogh
Jiyva

Shops:
Lair:2 [   Lair:4 *   Lair:5 *

Annotations:
D:9 theAP's ghost, novice DsCK
Spider:1 Kirke
Orc:1 Xerox's ghost, journeyman MiFi


Innate Abilities, Weirdness & Mutations

You have a pair of horns on your head.
You are surrounded by a moderate repulsion field. (EV +3)
You regenerate health from kills.
When hurt, damage is shared between your health and your magic reserves.


Message History

Xerox's ghost completely misses you.
You take 6 damage, and have 24/144 hp.
You now have 3/32 mp.
You closely miss Xerox's ghost. You headbutt Xerox's ghost.
Xerox's ghost is moderately damaged.
You feel sick. Xerox's ghost hits you!!
* * * LOW HITPOINT WARNING * * *
You take 16 damage, and have 8/144 hp.
You now have 1/32 mp.
Unknown command.
You closely miss Xerox's ghost. Your headbutt misses Xerox's ghost.
Xerox's ghost is moderately damaged.
* * * LOW HITPOINT WARNING * * *
You feel sick. Xerox's ghost completely misses you.
You take 2 damage, and have 6/144 hp.
Unknown command.
You barely miss Xerox's ghost. You headbutt Xerox's ghost.
Xerox's ghost is moderately damaged.
* * * LOW HITPOINT WARNING * * *
You feel sick. Xerox's ghost hits you!
You die...
Your body crumbles into a pile of gold.

..........^██.....[......█.....█.
█.........█...............█.....>
█....................██..██..)..)
..........█.........██████.......
█.....[.............^█ ██.......
█....>...............██ █....██..
....[[...........█....█ ██.██████
............██.......██ ███
.██........█.███@█..██
..............█W██...█
....(............██.██
..................███
...........█.....██
..[..(<)...).....█
█...[..[.....██.██
.....█.....██)███
........(......█


You could see Xerox's ghost.

Vanquished Creatures
  Snorg (D:12)
  3 hydras
  Erica (D:8)
  A tengu warrior (D:13)
  A queen ant (Lair:3)
  2 unseen horrors
  10 hill giants
  The ghost of Vajrapani the Destroyer, a novice HuCj of Vehumet (D:7)
  An orange crystal statue (D:10)
  An orc sorcerer (Orc:1)
  2 cyclopes
  2 ugly things
  3 black mambas
  17 elephants
  A siren (Lair:2)
  A centaur zombie (D:13)
  19 spiny frogs
  A torpor snail (Lair:5)
  A gargoyle (D:10)
  6 komodo dragons
  2 kobold demonologists
  2 rime drakes
  2 polar bears
  6 trolls
  13 blink frogs
  A hornet (D:11)
  2 two-headed ogres
  12 slime creatures
  9 hippogriffs
  2 vampires
  A spriggan (D:7)
  2 redbacks (Lair:2)
  35 yaks
  4 shadows
  A wyvern (Lair:5)
  3 hungry ghosts
  2 basilisks
  5 vampire mosquitoes
  Menkaure (D:6)
  Edmund (D:6)
  4 wargs (Orc:1)
  18 water moccasins
  12 soldier ants
  2 hell hounds (D:10)
  16 orc warriors
  13 porcupines
  4 black bears
  4 sky beasts
  An eye of draining (D:10)
  6 ice beasts
  3 necrophages
  4 phantoms
  18 centaurs
  11 wolves
  12 ogres
  20 big kobolds
  14 crocodiles
  Blork the orc (D:6)
  13 bullfrogs
  A gnoll sergeant (D:11)
  A wyvern zombie (D:6)
  5 scorpions
  8 killer bees
  3 wights (D:11)
  2 howler monkeys (D:9)
  7 electric eels
  2 bullfrog zombies
  8 crimson imps
  A quasit (D:11)
  10 orc priests
  4 jellies
  4 centaur skeletons
  7 hounds
  20 orc wizards
  3 bullfrog skeletons
  4 iguanas
  Ijyb (D:3)
  22 worker ants
  A killer bee zombie (D:7)
  2 hound skeletons
  A howler monkey zombie (D:11)
  10 adders
  8 gnolls
  4 shadow imps
  An adder zombie (D:5)
  An adder skeleton (D:5)
  3 dart slugs
  3 worms
  5 leopard geckos
  64 orcs
  5 giant cockroaches
  7 goblins
  2 hobgoblins (D:1)
  7 jackals
  5 quokkas
  8 bats
  5 frilled lizards
  27 kobolds
  A leopard gecko skeleton (D:4)
  A quokka skeleton (D:6)
  8 rats
  A plant (D:6)
650 creatures vanquished.

Vanquished Creatures (collateral kills)
  A big kobold (D:11)
  2 gnoll sergeants (D:11)
  2 gnolls (D:11)
5 creatures vanquished.

Vanquished Creatures (others)
  2 gnoll sergeants (D:11)
  A hobgoblin (D:2)
  A bush (Lair:1)
  16 fungi
  12 plants
  3 spectral weapons
35 creatures vanquished.

Grand Total: 690 creatures vanquished

Notes
Turn   | Place    | Note
-------+----------+-------------------------------------------
     0 | D:1      | Goblin1989 the Demonspawn Fire Elementalist began the quest for the Orb.
     0 | D:1      | Reached XP level 1. HP: 13/13 MP: 3/3
    77 | D:1      | Gained mutation: You are surrounded by a mild repulsion field. (EV +2) [demonic ancestry]
    77 | D:1      | Reached XP level 2. HP: 19/19 MP: 0/5
   500 | D:1      | Reached XP level 3. HP: 24/24 MP: 4/6
  1231 | D:2      | Found a hide-covered altar of Uskayaw.
  1469 | D:2      | Gained mutation: You regenerate a little health from kills. [demonic ancestry]
  1469 | D:2      | Reached XP level 4. HP: 27/30 MP: 1/7
  1911 | D:2      | You fall through a shaft!
  2023 | D:3      | Noticed Ijyb
  2030 | D:3      | Learned a level 3 spell: Conjure Flame
  2114 | D:3      | Killed Ijyb
  2317 | D:2      | Found a hazy altar of Hepliaklqana.
  3019 | D:3      | Gained mutation: You regenerate health from kills. [demonic ancestry]
  3019 | D:3      | Reached XP level 5. HP: 16/35 MP: 6/9
  3039 | D:3      | Learned a level 4 spell: Sticky Flame
  3673 | D:4      | Noticed a phantom
  3882 | D:4      | Reached skill level 3 in Spellcasting
  3882 | D:4      | Reached XP level 6. HP: 27/41 MP: 5/10
  4098 | D:4      | Found a bloodstained altar of Trog.
  4599 | D:4      | Gained mutation: You have a pair of small horns on your head. [demonic ancestry]
  4599 | D:4      | Reached XP level 7. HP: 46/46 MP: 9/12
  4740 | D:4      | Reached skill level 5 in Conjurations
  4740 | D:4      | Reached skill level 5 in Fire Magic
  4974 | D:5      | Entered Level 5 of the Dungeon
  5152 | D:5      | Learned a level 3 spell: Inner Flame
  5277 | D:5      | Noticed a two-headed ogre
  5284 | D:5      | Killed a two-headed ogre
  5284 | D:5      | Reached skill level 4 in Spellcasting
  5284 | D:5      | Gained mutation: When hurt, damage is shared between your health and your magic reserves. [demonic ancestry]
  5284 | D:5      | Reached XP level 8. HP: 52/52 MP: 4/14
  5966 | D:5      | Found a shadowy altar of Dithmenos.
  6128 | D:5      | Found a staircase to the Ecumenical Temple.
  6135 | Temple   | Entered the Ecumenical Temple
  6400 | D:5      | Wingboner: С.
  6416 | D:5      | Goblin1989: с НГ
  6659 | D:6      | Noticed Blork the orc
  6672 | D:6      | Killed Blork the orc
  7057 | D:6      | Wingboner: О, реген.
  7058 | D:6      | Wingboner: Повезло.
  7058 | D:6      | Goblin1989: меня тут все устраивает
  7058 | D:6      | Wingboner: И манареген. Идеально.
  7058 | D:6      | Wingboner: Только шапку сожрёт.
  7058 | D:6      | Goblin1989: еще бы тир три нормальную
  7058 | D:6      | Wingboner: Единственный минус.
  7058 | D:6      | Goblin1989: да пофиг
  7058 | D:6      | Wingboner: Дешевле ноги или руки.
  7058 | D:6      | Goblin1989: ну из тир три хреновая только блэк марк
  7058 | D:6      | Goblin1989: ну что поделать
  7058 | D:6      | Wingboner: ??ds mutation rules
  7058 | D:6      | beem: ds mutation rules[1/5]: Assuming you aren't monstrous, you get five facets, each consisting of three mutations (which usually just stack together). You will get one scales-type facet, one body-slot facet, two tier 2 facets, and one tier 3 facet.
  7058 | D:6      | Wingboner: ??ds mutation rules[2
  7058 | D:6      | beem: ds mutation rules[2/5]: The {scales}-type facets are icy blue, iridescent, molten, rough black, rugged brown, slimy green, thin metallic, or yellow scales, or alternatively thin skeletal structure, large bone plates, or a repulsion field. Body-slot facets: claws, horns, antennae, hooves, talons.
  7058 | D:6      | Wingboner: ??ds mutation rules[3
  7058 | D:6      | beem: ds mutation rules[3/5]: Tier 2 facets: powered by death, powered by pain, demonic guardian, nightstalker, spiny, rot (rRot, foul stench), fire (flame cloud immunity, rF+, ignite blood), ice (freezing cloud immunity, rC+, icemail), magic shield.
  7058 | D:6      | Wingboner: ??ds mutation rules[4
  7058 | D:6      | beem: ds mutation rules[4/5]: Tier 3 facets: robust (+30% HP), negative energy (rN+/rTorment/black mark), {augmentation} (+slay/spellpower scaling with HP), ice (rC+, freezing cloud immunity, passive freeze), fire (rF+, flame cloud immunity, hellfire). Ice/fire facets are incompatible, as are foul stench/ignite blood.
  7058 | D:6      | Goblin1989: остальные-то мутации нормальные
  7160 | D:6      | Learned a level 5 spell: Fireball
  7172 | D:6      | Noticed Menkaure
  7172 | D:6      | Wingboner: Ещё ХФ хрень.
  7177 | D:6      | Goblin1989: ну как чказать
  7177 | D:6      | Goblin1989: в сале оно робит
  7177 | D:6      | Wingboner: Марка годная если ты в мили дерёшься.
  7183 | D:6      | Wingboner: Стоит дорого слишком.
  7183 | D:6      | Goblin1989: ну этот планируется как зикоскаммер ведь
  7183 | D:6      | Goblin1989: я пользовался
  7183 | D:6      | Goblin1989: когда нет маны годно
  7184 | D:6      | Killed Menkaure
  7383 | D:6      | Wingboner: У меня вроде как раз оно и родилось, но я его не использую.
  7407 | D:6      | Wingboner: От диска толку больше.
  7411 | D:6      | Goblin1989: ну значит марк и робуст
  7411 | D:6      | Wingboner: &dump casual
  7411 | D:6      | beem: http://CRAWL.XTAHUA.COM/crawl/morgue/casual/casual.txt
  7417 | D:6      | Found a bloodstained altar of Trog.
  7418 | D:6      | Noticed Edmund
  7429 | D:6      | Killed Edmund
  7460 | D:6      | Found a deep blue altar of Sif Muna.
  7466 | D:6      | Wingboner: У меня чешуя на +хп, а робуст так отрастёт.
  7495 | D:6      | Wingboner: От обычных мутаций. Сейчас на первом уровне.
  7495 | D:6      | Goblin1989: значит нужны мутации которые с поушенов получить нельзя никак
  7495 | D:6      | Goblin1989: то есть аугментация, к примеру
  7498 | D:6      | Goblin1989: тем более давно пора
  7498 | D:6      | Goblin1989: я еще ни разу ей не пользовался
  7498 | D:6      | Goblin1989: чесслово
  7498 | D:6      | Wingboner: Можно получить с бутылок фактически её клон.
  7498 | D:6      | Goblin1989: сколько раз выигрывал ни разу не попадалась
  7498 | D:6      | Wingboner: Wild magic.
  7757 | D:6      | Reached XP level 9. HP: 57/57 MP: 9/16
  7886 | D:6      | Reached skill level 5 in Spellcasting
  8059 | D:7      | Wingboner: К какому богу идёшь?
  8059 | D:7      | Goblin1989: вех
  8059 | D:7      | Goblin1989: сперва вех, еслы живым останусь - гозаг
  8172 | D:7      | You fall through a shaft!
  8267 | D:9      | Noticed theAP's ghost (novice DsCK)
  8326 | D:9      | Found a stormy altar of Qazlal.
  8559 | D:8      | Found a bloodstained altar of Trog.
  8559 | D:8      | Noticed Erica
  8592 | D:8      | Killed Erica
  8821 | D:8      | Wingboner: А почему не Гозаг сразу?
  8838 | D:8      | Goblin1989: сложно сильно
  8838 | D:8      | Wingboner: Наоборот же.
  8838 | D:8      | Goblin1989: еда, спеллы
  8838 | D:8      | Wingboner: Вех нинужен.
  8838 | D:8      | Goblin1989: да нет
  8838 | D:8      | Wingboner: А Гозаг даст и магию и амулер манарегена.
  8838 | D:8      | Goblin1989: как я штормом поливать буду на 19 лвл без веха?
  8872 | D:8      | Wingboner: С Гозаговыми вещами.
  8895 | D:8      | Wingboner: Кольцо/посох +шанса, шмот с +инт, амулет манарегена.
  9460 | D:8      | Wingboner: О, я три лимона собрал.
  9551 | D:8      | Goblin1989: круто
  9551 | D:8      | Goblin1989: :)
  9707 | D:7      | Found an opulent altar of Gozag.
  9718 | D:7      | Wingboner: Вангую с Гозага глац, штырь и цепную молнию.
  9731 | D:7      | Wingboner: *тьфу
  9731 | D:7      | Wingboner: С Веха.
  9731 | D:7      | Goblin1989: не, ну а что
  9731 | D:7      | Goblin1989: гозаг попался первым
  9731 | D:7      | Goblin1989: может, его и взять?
  9731 | D:7      | Goblin1989: эики беники
  9731 | D:7      | Goblin1989: гозаг значит
  9731 | D:7      | Wingboner: !rng veh, gozag
  9731 | D:7      | beem: The RNG chooses: gozag.
  9731 | D:7      | Wingboner: Вот видишь!
  9731 | D:7      | Became a worshipper of Gozag Ym Sagoz the Greedy
  9731 | D:7      | Goblin1989: это ты чего у него спросил?
  9731 | D:7      | Wingboner: Случайный выбор.
  9731 | D:7      | Wingboner: random number generator
  9731 | D:7      | Goblin1989: круто, не знал такого :?
  9731 | D:7      | Goblin1989: :)
  9731 | D:7      | Wingboner: Да ты много чего не знаешь, скорее всего.
  9731 | D:7      | Wingboner: Тут куча интересных фич.
  9752 | D:7      | Wingboner: Я тоже далеко не всё знаю. Но много.
  9755 | D:7      | Reached skill level 6 in Spellcasting
  9759 | D:7      | Reached XP level 10. HP: 38/63 MP: 2/19
  9772 | D:7      | Wingboner: !aevp 10 10 10
  9772 | D:7      | beem: ER=10, str=10, armour skill=10 : -2 EV
  9923 | D:7      | Goblin1989: так
  9923 | D:7      | Wingboner: !gkills goblin1989
  9923 | D:7      | beem: 49 kills by goblin1989's ghost: 11x Goblin1989, 3x jazmu, 3x emiel, 2x magog001, 2x Glorfindel, GavinH, emikaela, SolarFlare, Dustman, PeterLawrence, Fabri, pedritolo, dscm, Duffy, PlatinumSpider, mdk, 1994, KristoblXynda, engine7v, lorenzova, Eleanoora, bollicks1999, DEFE, Galewind, Tobisume, angZt, cireshan, Ajdolov, Nico3ck, s9io, kae, simples, Joat
  9923 | D:7      | Goblin1989: атеперь начинается борьба со спеллхангером
  9923 | D:7      | Wingboner: {Хаха.
  9991 | D:7      | Noticed Vajrapani's ghost (novice HuCj)
 10001 | D:7      | Killed Vajrapani's ghost
 10303 | D:7      | Found a glowing golden altar of the Shining One.
 10335 | D:7      | Found a radiant altar of Vehumet.
 10915 | D:7      | Reached skill level 7 in Spellcasting
 11069 | D:9      | Found a blossoming altar of Fedhas.
 11601 | D:8      | Reached skill level 10 in Conjurations
 11831 | D:9      | Wingboner: https://is.4chan.org/vg/1483253881842.png
 12038 | D:9      | Goblin1989: рип?
 12040 | D:9      | Wingboner: >rape
 12041 | D:9      | Goblin1989: ну это оно или нет? :)
 12042 | D:9      | Wingboner: Рип это RIP
 12043 | D:9      | Wingboner: Rest in peace.
 12043 | D:9      | Goblin1989: а rape это что?
 12064 | D:9      | Wingboner: Если буквально переводить, то изнасилование.
 12064 | D:9      | Wingboner: Или растение такое.
 12070 | D:9      | Wingboner: А вот с > это идиома такая, которую перевести довольно сложно.
 12070 | D:9      | Wingboner: И мне лень, если честно.
 12079 | D:9      | Goblin1989: да на > мне как-то пофиг
 12231 | D:10     | Entered Level 10 of the Dungeon
 12265 | D:10     | Found a staircase to the Lair.
 12477 | D:10     | Reached skill level 8 in Spellcasting
 13144 | D:10     | Gained mutation: You have a pair of horns on your head. [demonic ancestry]
 13144 | D:10     | Reached XP level 11. HP: 35/68 MP: 6/23
 13732 | D:10     | Noticed an unseen horror
 13755 | D:10     | Killed an unseen horror
 13997 | D:10     | Noticed an orange crystal statue
 14362 | Lair:1   | Entered Level 1 of the Lair of Beasts
 14380 | Lair:1   | Learned a level 2 spell: Swiftness
 14458 | Lair:1   | Reached skill level 9 in Spellcasting
 15117 | Lair:1   | Reached skill level 10 in Fire Magic
 16115 | Lair:2   | Found a staircase to the Shoals.
 16335 | Lair:2   | You fall through a shaft for 2 floors!
 16486 | Lair:3   | Found a hazy altar of Hepliaklqana.
 16503 | Lair:3   | Identified a scroll of acquirement
 16521 | Lair:3   | Reached skill level 10 in Spellcasting
 16939 | Lair:2   | Found a hole to the Spider Nest.
 16964 | Lair:2   | Bought the +1 robe of Catatonia {Int+5} for 371 gold pieces
 17447 | Lair:2   | Gained mutation: You are surrounded by a moderate repulsion field. (EV +3) [demonic ancestry]
 17447 | Lair:2   | Reached XP level 12. HP: 74/74 MP: 17/26
 17686 | Lair:2   | Iwannabefree: yo
 17981 | Lair:2   | Goblin1989: yo
 17981 | Lair:2   | Goblin1989: afk
 18243 | Lair:2   | Reached skill level 1 in Shields
 18630 | Lair:3   | Noticed a seven-headed hydra
 18789 | Lair:3   | Reached skill level 11 in Spellcasting
 18924 | Lair:3   | Killed a seven-headed hydra
 19087 | Lair:3   | Noticed a queen ant
 20836 | Lair:3   | Killed a queen ant
 21353 | Lair:3   | Found a hazy altar of Hepliaklqana.
 22329 | Lair:4   | Reached skill level 12 in Spellcasting
 22616 | Lair:4   | Noticed a five-headed hydra
 22620 | Lair:4   | Killed a five-headed hydra
 22620 | Lair:4   | Reached XP level 13. HP: 79/79 MP: 13/29
 22695 | Lair:4   | Bought a +2 short sword of venom for 187 gold pieces
 22695 | Lair:4   | Bought a potion of ambrosia for 96 gold pieces
 22695 | Lair:4   | Bought a potion of might for 48 gold pieces
 24186 | Lair:5   | Found a staircase to the Slime Pits.
 24187 | Lair:5   | Found a viscous altar of Jiyva.
 24301 | Lair:6   | Entered Level 6 of the Lair of Beasts
 24783 | D:11     | Found a staircase to the Orcish Mines.
 25705 | D:11     | Learned a level 3 spell: Regeneration
 25708 | D:11     | Learned a level 2 spell: Shroud of Golubria
 25712 | D:11     | Learned a level 3 spell: Spectral Weapon
 25714 | D:11     | Learned a level 1 spell: Animate Skeleton
 26516 | Orc:1    | Entered Level 1 of the Orcish Mines
 27228 | Orc:1    | Found a roughly hewn altar of Beogh.
 27326 | Orc:1    | Found a roughly hewn altar of Beogh.
 27664 | Orc:1    | Noticed Xerox's ghost (journeyman MiFi)
 28401 | Orc:2    | Entered Level 2 of the Orcish Mines
 28401 | Orc:2    | Found a roughly hewn altar of Beogh.
 29508 | D:11     | Reached skill level 13 in Spellcasting
 29864 | D:11     | HP: 3/79 [poisoned by Xerox's ghost]
 29869 | D:11     | HP: 3/79 [poisoned by Xerox's ghost]
 29876 | D:11     | HP: 2/79 [poisoned by Xerox's ghost]
 29884 | D:11     | HP: 2/79 [poisoned by Xerox's ghost]
 30071 | D:11     | Reached skill level 5 in Dodging
 31040 | Lair:5   | Reached skill level 1 in Fighting
 31532 | Lair:6   | Got a crude ring mail
 31607 | Lair:5   | Identified the +4 ring mail of the Foremost Dances {-Cast rPois rC+ rN+} (You found it on level 6 of the Lair of Beasts)
 31630 | Lair:5   | Bought a scroll labeled UJOIBO JIWUM for 22 gold pieces
 31630 | Lair:5   | Bought a black book for 330 gold pieces
 31630 | Lair:5   | Identified Sif Muna's Almanac of the Compass (You bought it in a shop on level 5 of the Lair of Beasts)
 31630 | Lair:5   | Bought a glass ring for 110 gold pieces
 31630 | Lair:5   | Bought a fuming amethyst potion for 19 gold pieces
 31630 | Lair:5   | Bought a scroll of identify for 44 gold pieces
 31649 | Lair:5   | Bought a glowing triple sword for 352 gold pieces
 32468 | Lair:5   | Reached XP level 14. HP: 88/89 MP: 16/31
 33267 | Lair:6   | Learned a level 1 spell: Apportation
 33272 | Lair:6   | Learned a level 3 spell: Lesser Beckoning
 36214 | D:12     | Noticed Snorg
 36221 | D:12     | Killed Snorg
 36819 | D:12     | Reached skill level 14 in Spellcasting
 39952 | D:11     | Bought a beef jerky for 15 gold pieces
 39952 | D:11     | Bought a bread ration for 50 gold pieces
 39952 | D:11     | Bought a beef jerky for 15 gold pieces
 39952 | D:11     | Bought a beef jerky for 15 gold pieces
 39952 | D:11     | Bought a royal jelly for 20 gold pieces
 39952 | D:11     | Bought a bread ration for 50 gold pieces
 39952 | D:11     | Bought a meat ration for 50 gold pieces
 39952 | D:11     | Bought a royal jelly for 20 gold pieces
 39952 | D:11     | Bought a royal jelly for 20 gold pieces
 39952 | D:11     | Bought a bread ration for 50 gold pieces
 42143 | Spider:1 | Entered Level 1 of the Spider Nest
 42143 | Spider:1 | Noticed Kirke
 42180 | Shoals:1 | Entered Level 1 of the Shoals
 42878 | Orc:1    | HP: 6/144 [poisoned by Xerox's ghost]
 42879 | Orc:1    | Slain by Xerox's ghost

Skill      XL: |  1  2  3  4  5  6  7  8  9 10 11 12 13 14 |
---------------+-------------------------------------------+-----
Fire Magic     | 3 4 6 7 8 9 10 11 12 | 12.6
Conjurations   | 2 3 4 6 7 9 10 11 12 13 | 13.6
Spellcasting   | 3 4 6 8 10 12 13 14 | 14.4
Dodging        | 2 3 5 |  5.0
Shields        | 3 4 |  4.0
Fighting       | 1 4 |  4.6
Stealth        | |  1.7

Action                   |  1- 3 |  4- 6 |  7- 9 | 10-12 | 13-15 || total
-------------------------+-------+-------+-------+-------+-------++-------
Melee: Hand axe          |    18 |       |       |       |       ||    18
       Quarterstaff      |       |    31 |    65 |    70 |       ||   166
       Headbutt          |       |       |    13 |     9 |    33 ||    55
       Flail             |       |       |     9 |       |       ||     9
       Scimitar          |       |       |     9 |       |       ||     9
       Short sword       |       |       |       |       |    52 ||    52
       War axe           |       |       |       |       |    14 ||    14
       Triple sword      |       |       |       |       |    69 ||    69
 Fire: Hunting sling     |       |    55 |       |       |       ||    55
       Blowgun           |       |       |       |    16 |     4 ||    20
Throw: Stone             |       |       |     1 |       |       ||     1
 Cast: Flame Tongue      |    60 |    95 |   191 |   534 |   353 ||  1233
       Conjure Flame     |       |     3 |     9 |     9 |     6 ||    27
       Sticky Flame      |       |     3 |    13 |   120 |   312 ||   448
       Inner Flame       |       |       |     6 |     5 |     4 ||    15
       Fireball          |       |       |       |    12 |    93 ||   105
       Swiftness         |       |       |       |     2 |     3 ||     5
       Spectral Weapon   |       |       |       |       |     8 ||     8
       Regeneration      |       |       |       |       |     5 ||     5
       Shroud of Golubri |       |       |       |       |     3 ||     3
       Apportation       |       |       |       |       |     1 ||     1
Invok: Call Merchant     |       |       |       |     1 |     3 ||     4
Evoke: Wand              |       |       |     4 |    10 |    10 ||    24
       Box of beasts     |       |       |       |       |     1 ||     1
  Use: Scroll            |       |       |    16 |    10 |    12 ||    38
       Potion            |       |       |     2 |     2 |     6 ||    10
 Stab: Sleeping          |       |     1 |       |       |       ||     1
       Distracted        |       |       |       |       |     1 ||     1
  Eat: Chunk             |     2 |    11 |    18 |       |       ||    31
       Fruit             |       |       |     2 |     1 |    15 ||    18
       Royal jelly       |       |       |       |     3 |     3 ||     6
       Meat ration       |       |       |       |     1 |     4 ||     5
       Pizza             |       |       |       |     1 |     2 ||     3
       Bread ration      |       |       |       |     6 |     7 ||    13
       Beef jerky        |       |       |       |     1 |     2 ||     3
Armor: Robe              |    14 |    20 |    43 |   110 |   156 ||   343
Dodge: Dodged            |    53 |    53 |   129 |   419 |   693 ||  1347
Block: Buckler           |       |       |       |    39 |    84 ||   123
       Rpst.: Scimitar   |       |       |     3 |       |       ||     3
       Triple sword      |       |       |       |       |   111 ||   111

Vault maps used:
D:1:      eino_arrival_water_star, hangedman_feature_mirror
D:2:      nicolae_overflow_hidden_temple, lemuel_crystal_altar
D:3:      uniq_iyjb
D:4:      nicolae_overflow_crystal_walls, minivault_19,
          minmay_misc_feat_four_crosses
D:5:      grunt_dithmenos_smoke_and_mirrors, first_bread, grunt_ministairs_5,
          lemuel_old_faithful
D:6:      cheibrodos_two_vegetables, basic_altar, bloody_trog, uniq_menkaure,
          uniq_blork_the_orc, uniq_edmund
D:7:      old_standard_altar, nicolae_gozag_seed_capital, kennysheep_mini_moat,
          kennysheep_pointless_box, the_bakery, grunt_ministairs_13,
          serial_bayou_crossing
D:8:      basic_altar, uniq_erica
D:9:      grunt_temple_overflow_forces_of_nature
D:10:     minmay_statue_hallways, minmay_lair_entry_lava, special_room
D:11:     kennysheep_orc_monster_closet_entryway, moated_statue
D:12:     small_statue_intersection, minivault_4, minivault_1, uniq_snorg
D:13:     hangedman_decor_push
D:14:     david_vaults_4, serial_shops, nicolae_shop_stone, basic_altar,
          minmay_orc_keep
Temple:   nicolae_temple_hex_pool
Lair:1:   columned_hall_lemuel
Lair:2:   elwin_shoals_entry_rocks, spider_nest_entry_a, grunt_megastairs_2
Lair:3:   enter_volcano_1, basic_altar, st_stairs_7, minmay_another_anthill
Lair:4:   grunt_megastairs_4, serial_bayou_shore_b, infiniplex_staircase_pool_2
Lair:5:   slime_altar_1, lemuel_fruit_tree
Lair:6:   grunt_lair_end_beastmaster, grunt_megastairs_3,
          infiniplex_staircase_pool
Spider:1: nicolae_spider_mines_2, spider_trap, hangedman_spider_trapstep,
          uniq_kirke
Orc:1:    basic_altar, serial_shops, mines1_david
Orc:2:    st_orc_mages, basic_altar
